Map: Odyssey LE

Players

DannyP

  • Race: Terran Terran
  • League: Diamond
  • Spawn Location: 5:00

Yata - Winner!

  • Race: Zerg Zerg
  • League: Platinum
  • Spawn Location: 11:00

VOD

Have the link to the VOD?

Description

Time

  • Played on: Oct. 11, 2017, 8:22 p.m.
  • Length: 15:33
Show
View Real Time Build Order
Export as new Build Order

DannyP Terran 

Build Orders: Reaper Expand 

Get SALT Encoding   

  12  0:00  SCV  
  13  0:13  SCV  
  14  0:19  Supply Depot  
  14  0:25  SCV  
  15  0:40  SCV  
  15  0:42  Barracks  
  16  0:48  Refinery  
  16  0:52  SCV  
  17  1:04  SCV  
  18  1:16  SCV  
  19  1:24  Supply Depot  
  19  1:35  Command Center  
  19  1:39  Reaper  
  20  1:49  Orbital Command  
  20  2:18  Barracks Tech Lab  
  20  2:20  SCV  
  20  2:22  Factory, Refinery  
  21  2:32  SCV  
  22  2:40  Bunker  
  23  2:44  SCV  
  23  2:56  SCV  
  23  2:57  Marine  
  23  2:58  Stimpack  
  25  3:08  SCV  
  26  3:15  Supply Depot, Orbital Command  
  26  3:17  Supply Depot  
  26  3:19  Factory Tech Lab  
  26  3:23  Marine  
  26  3:27  SCV  
  27  3:36  Supply Depot  
  27  3:39  SCV  
  27  3:40  Supply Depot  
  28  3:45  Supply Depot  
  28  3:52  Marine  
  28  3:54  Supply Depot  
  29  3:56  Siege Tank  
  29  4:00  SCV  
  33  4:03  SCV  
  34  4:10  Marine  
  34  4:12  SCV  
  34  4:15  SCV  
  37  4:17  Starport  
  37  4:24  Barracks  
  37  4:28  Marine  
  37  4:31  Barracks  
  38  4:36  SCV x2  
  40  4:47  Engineering Bay  
  40  4:48  SCV x2, Engineering Bay  
  40  4:52  Marine  
  43  4:54  Siege Tank  
  43  4:56  Starport Reactor  
  46  5:10  Marine  
  46  5:16  SCV x2  
  46  5:19  Barracks Reactor x2  
  46  5:20  Terran Infantry Weapons Level 1  
  48  5:23  Terran Infantry Armor Level 1  
  48  5:28  SCV x2  
  48  5:30  Marine  
  48  5:33  Siege Tank  
  54  5:47  Missile Turret  
  54  5:48  Marine  
  54  5:49  SCV x2  
  57  5:52  Missile Turret  
  57  5:59  Medivac  
  57  6:01  SCV x2  
  57  6:03  Marine  
  62  6:04  Medivac  
  62  6:05  Refinery, Marine  
  62  6:06  Refinery  
  65  6:12  Marine x3  
  65  6:15  SCV  
  65  6:16  SCV  
  70  6:21  Marine  
  70  6:23  Marine  
  72  6:26  Siege Tank  
  72  6:30  SCV, Marine x2  
  78  6:42  Medivac  
  78  6:43  Marine x3  
  83  6:47  Marine x2  
  85  7:00  Marine  
  85  7:01  Marine x2  
  87  7:05  Marine  
  89  7:13  Marine  
  89  7:14  Siege Tank  
  93  7:18  Marine  
  94  7:24  Command Center  
  94  7:34  Marine x2  
  94  7:35  Medivac x2, SCV x2  
  94  7:36  Armory  
  96  7:47  SCV x2  
  83  7:51  Marine  
  83  7:52  Marine x3  
  83  7:53  Siege Tank  
  83  7:54  Marine  
  91  7:59  SCV  
  92  8:09  Marine x2  
  81  8:14  Marine x3  
  81  8:16  Medivac x2  
  80  8:25  Siege Tank  
  67  8:27  Marine x2  
  69  8:35  Marine x3  
  72  8:45  Marine x2  
  74  8:49  Medivac x2  
  74  8:52  Marine  
  74  8:53  Marine, Command Center  
  74  8:55  Command Center  
  80  8:56  Widow Mine  
  80  8:59  Marine  
  82  9:03  Marine x2  
  81  9:10  Marine x2  
  80  9:31  Command Center  
  80  9:34  Marine x2  
  80  9:35  Marine x3  
  80  9:36  Siege Tank  
  80  9:37  Medivac x2  
  91  9:52  Marine  
  92  9:58  Command Center  
  92  10:00  Terran Infantry Weapons Level 2, Terran Infantry Armor Level 2  
  92  10:06  Marine x2, Bunker  
  92  10:07  Marine x2  
  94  10:08  Siege Tank  
  94  10:10  Marine  
  96  10:24  Marine x3  
  99  10:40  Siege Tank  
  99  10:41  Marine x2  
  99  10:42  Marine x3  
  100  10:50  Medivac  
  100  10:56  Supply Depot  
  102  10:57  Supply Depot  
  102  10:58  Supply Depot  
  102  10:59  Supply Depot x3  
  102  11:05  Terran Vehicle Weapons Level 1, Marine x5  
  102  11:06  Medivac  
  91  11:23  Marine x2  
  90  11:31  Command Center  
  90  11:38  Marine x2  
  90  11:39  Marine  
  93  11:41  Marine  
  93  11:44  Command Center  
  94  11:49  Marine  
  95  11:56  Marine x3  
  76  12:17  Marine x5  
  76  12:22  Siege Tank  
  82  12:35  Marine x5  
  82  12:52  Marine, Planetary Fortress  
  83  12:59  Marine, Siege Tank  
  87  13:10  Marine x4  
  91  13:21  Planetary Fortress  
  91  13:33  SCV x3  
  94  13:45  SCV x2  
  96  13:49  Bunker  
  96  13:53  Siege Tank  
  96  13:54  Marine x5  
  87  14:11  Marine x2  
Show
View Real Time Build Order
Export as new Build Order

Yata Zerg - Winner!

Build Orders: Hatch First 

Get SALT Encoding   

  12  0:00  Drone  
  13  0:12  Overlord  
  13  0:17  Drone  
  14  0:30  Drone x2  
  14  0:34  Drone  
  17  0:54  Hatchery  
  17  0:56  Drone  
  17  1:00  Drone  
  18  1:10  Extractor  
  17  1:16  Spawning Pool  
  16  1:18  Drone  
  16  1:22  Drone  
  18  1:28  Drone  
  19  1:38  Overlord  
  19  1:52  Drone  
  20  2:03  Queen  
  20  2:06  Queen  
  20  2:07  Zergling x4  
  26  2:12  Evolution Chamber  
  26  2:15  Metabolic Boost  
  25  2:19  Drone  
  25  2:22  Drone  
  27  2:27  Drone  
  28  2:32  Drone  
  29  2:37  Zergling x2  
  29  2:43  Baneling Nest  
  29  2:57  Drone x4  
  33  3:06  Drone x2  
  33  3:10  Pneumatized Carapace  
  33  3:12  Zergling x2  
  36  3:14  Overlord  
  36  3:30  Overlord x3  
  36  3:37  Zergling x8  
  40  3:45  Queen  
  42  3:56  Zerg Melee Weapons Level 1  
  42  3:58  Hatchery  
  42  3:59  Zergling x2  
  42  4:03  Drone x2  
  42  4:06  Drone  
  45  4:15  Baneling x2  
  45  4:24  Extractor  
  45  4:25  Drone x3  
  45  4:26  Extractor, Drone x3  
  49  4:32  Baneling  
  49  4:34  Baneling  
  47  4:59  Lair  
  45  5:16  Queen  
  45  5:20  Drone x4  
  45  5:21  Drone x9  
  60  5:34  Zergling x4  
  62  5:43  Zergling x4  
  64  6:00  Zerg Melee Weapons Level 2  
  64  6:05  Zergling x10, Hydralisk Den  
  64  6:06  Zergling x2  
  64  6:08  Baneling x6  
  69  6:12  Centrifical Hooks  
  69  6:15  Drone x5  
  74  6:24  Overlord x4  
  74  6:25  Overlord x5  
  74  6:36  Muscular Augments  
  74  6:44  Hydralisk  
  74  6:45  Hydralisk x2  
  80  6:48  Zergling x20  
  90  6:59  Queen x2  
  94  7:07  Hydralisk  
  94  7:08  Hydralisk x3  
  101  7:18  Hydralisk x2  
  101  7:22  Zergling x12  
  111  7:23  Zergling x2  
  111  7:29  Zergling x6  
  115  7:36  Zergling x6  
  109  7:46  Zergling x8  
  109  7:47  Zergling x10  
  114  8:01  Hydralisk x2  
  114  8:02  Hydralisk x4  
  109  8:17  Zergling x2  
  109  8:18  Zergling x14  
  108  8:21  Zergling x2  
  104  8:37  Zerg Ground Armor Level 1  
  104  8:39  Zergling x6  
  104  8:40  Zergling x14  
  104  8:41  Zergling x4  
  116  8:44  Baneling x3  
  116  8:45  Baneling x5  
  116  8:47  Queen  
  118  8:50  Hatchery  
  118  8:55  Zergling x8  
  121  9:01  Zergling x4  
  121  9:16  Hydralisk  
  121  9:17  Hydralisk x5  
  131  9:31  Drone x8  
  131  9:34  Baneling x5  
  137  9:43  Infestation Pit  
  135  9:48  Zergling x2  
  135  9:49  Zergling x2  
  135  9:51  Overlord  
  135  9:52  Overlord x5  
  137  10:05  Drone x2  
  137  10:06  Drone x4  
  135  10:25  Zergling x2  
  135  10:26  Zergling x24  
  148  10:35  Zergling x2  
  148  10:36  Zergling x8  
  153  10:52  Hive  
  153  10:59  Hydralisk  
  153  11:00  Hydralisk x8  
  153  11:03  Zergling x10  
  169  11:13  Zergling x8  
  152  11:24  Zergling x6  
  152  11:25  Zergling x10  
  147  11:29  Queen  
  147  11:31  Zerg Ground Armor Level 2  
  149  11:38  Evolution Chamber  
  148  11:40  Zergling x16  
  148  11:44  Baneling x3  
  148  11:45  Baneling x3  
  156  11:58  Zergling x2  
  156  11:59  Zergling x18  
  165  12:04  Zergling x2  
  165  12:05  Zergling x10  
  148  12:17  Zergling x10  
  148  12:18  Zergling x4  
  155  12:34  Zergling x10  
  155  12:35  Zergling x8  
  164  12:44  Hatchery  
  162  13:03  Ultralisk Cavern  
  159  13:12  Extractor  
  159  13:13  Drone x3  
  159  13:14  Extractor, Drone x3  
  159  13:16  Drone x3  
  159  13:17  Drone x12  
  159  13:19  Overlord  
  178  13:22  Baneling x5  
  178  13:27  Pathogen Glands  
  178  13:36  Zergling x2  
  178  13:37  Zergling x24  
  191  13:41  Hatchery  
  190  13:52  Adrenal Glands  
Tags
 
Add a new tag
Caveats
  • Supply blocks, unpowered buildings, or Contaminate may cause inaccurate times.
  • Supply counts are checked every 10 seconds.